 Dungeon Crawl Stone Soup version 0.18-a0-1415-ge9fbf7f (webtiles) character file.

1247 CopycatKevin the Poker (level 8, -1/94 HPs)
             Began as a Demonspawn Berserker on Feb 26, 2016.
             Was an Elder of Trog.
             Slain by a vampire (7 damage)
             ... on level 5 of the Dungeon.
             The game lasted 00:16:50 (4486 turns).

CopycatKevin the Poker (Demonspawn Berserker)       Turns: 4486, Time: 00:16:50

Health: -1/94      AC: 19    Str: 25    XL:     8   Next: 25%
Magic:  8/8        EV:  6    Int:  8    God:    Trog [****..]
Gold:   267        SH: 12    Dex: 13    Spells: 0 memorised, 7 levels left

rFire  + + .     SeeInvis .     k - +2 spear (venom)
rCold  x . .     Gourm    .     l - +2 plate armour
rNeg   . . .     Faith    .     E - +0 shield
rPois  .         Spirit   .     f - +0 helmet
rElec  .         Dismiss  .     (no cloak)
rCorr  .         Reflect  .     (no gloves)
SustAt .         Harm     .     a - +0 pair of boots
MR     +....                    o - amulet of regeneration
Stlth  ..........               y - ring of fire
                                m - ring of protection from magic

@: berserking (expiring), very quick, somewhat resistant to hostile
enchantments, extremely unstealthy
A: talons 1, large bone plates 2, fire resistance 1, powered by pain 1
a: Berserk, Trog's Hand, Brothers in Arms, Burn Spellbooks, Renounce Religion


You were on level 5 of the Dungeon.
You worshipped Trog.
Trog was greatly pleased with you.
You were hungry.

You visited 1 branch of the dungeon, and saw 5 of its levels.

You collected 319 gold pieces.
You spent 52 gold pieces at shops.

Inventory:

Hand Weapons
 k - a +2 spear of venom (weapon)
 D - a +1 spear of piercing
Armour
 a - a +0 pair of boots (worn)
 f - a +0 helmet (worn)
 l - a +2 plate armour (worn)
 E - a +0 shield (worn)
Jewellery
 m - a ring of protection from magic (left hand)
 o - an amulet of regeneration (around neck)
 y - a ring of fire (right hand)
Wands
 x - a wand of lightning (8/15)
 A - a wand of disintegration (16/24)
Scrolls
 d - a scroll of immolation
 n - a scroll of blinking
 s - a scroll of magic mapping
 t - 6 scrolls of identify
 v - 2 scrolls of enchant weapon
 B - a scroll of recharging
Potions
 c - a potion of cure mutation {unknown}
 e - a potion of beneficial mutation {unknown}
 h - a potion of lignification
 i - a potion of agility
 j - a potion of degeneration {unknown}
 p - a potion of curing {unknown}
 q - a potion of mutation {unknown}
 u - a potion of ambrosia {unknown}
 z - a potion of invisibility {unknown}
 C - a potion of brilliance {unknown}
 G - a potion of magic {unknown}
 H - a potion of cancellation {unknown}
Comestibles
 b - 7 fruits
 g - a beef jerky
 r - a meat ration
 w - a bread ration
 F - a chunk of flesh


   Skills:
 + Level 5.4 Fighting
 * Level 6.4 Polearms
 + Level 3.7 Armour
 + Level 3.7 Dodging
 + Level 2.1 Stealth
 - Level 1.6 Shields


You had 7 spell levels left.
You didn't know any spells.

Dungeon Overview and Level Annotations

Branches:
Dungeon (5/15)
 Temple: D:4-7

Altars:
Cheibriados
Makhleb
Okawaru
Pakellas
Sif Muna
Xom
Zin

Shops:
D:4 ?


Innate Abilities, Weirdness & Mutations

You have sharp toenails.
You are mostly covered in large bone plates (AC +3, SH +3).
Your flesh is heat resistant.
You sometimes gain a little power by taking damage.


Message History

You miss something. Something hits you but does no damage.
Something bites you but does no damage.
Your shield and plate armour prevent you from hitting something.
You block something's attack. Something bites you but does no damage.
You closely miss something. You puncture something! You miss something.
You completely miss something. Something hits you but does no damage.
Something bites you but does no damage.
You barely miss something. Something hits you but does no damage.
Something bites you!
* * * LOW HITPOINT WARNING * * *
Something draws strength from your injuries!
Your plate armour prevents you from hitting something.
You hit something.
Unholy energy fills the air.
* * * LOW HITPOINT WARNING * * *
Your shield and plate armour prevent you from hitting something.
You are too berserk!
You puncture something! Something hits you!
You die...

#'##....# #.##....####
#.##>....... #.##.######
#.#.......###########
#....................
###.......##.############
...####'########.............
.........%.{@# #8(###8.###8.#
...).........# ##############
##...........###.............
#.....<...$.##≈≈≈≈≈≈≈≈≈≈≈≈≈≈
#...........##≈≈)≈≈≈≈≈≈≈≈≈≈≈
#...........###...........[.
#...........# ###.##########
#...........# ##.## ..# ##.##
#.## ##


There were no monsters in sight!

Vanquished Creatures
  Edmund (D:4)
  Duvessa (D:4)
  2 ogres
  The ghost of kGEAR the Caller, an amateur TeSu (D:3)
  A giant frog (D:4)
  A gnoll sergeant (D:5)
  Dowan (D:4)
  A scorpion (D:4)
  2 giant frog skeletons
  5 hounds
  A jelly (D:5)
  Ijyb (D:3)
  An iguana (D:5)
  2 worker ants
  A hound zombie (D:5)
  A hound skeleton (D:4)
  Robin (D:2)
  8 adders
  2 oozes
  3 worms (D:3)
  2 dart slugs
  4 giant geckos
  11 orcs
  3 giant cockroaches
  9 hobgoblins
  12 kobolds
  4 quokkas
  7 bats
  4 giant newts
  11 goblins
  A quokka skeleton (D:4)
  14 rats
119 creatures vanquished.

Notes
Turn   | Place    | Note
--------------------------------------------------------------
     0 | D:1      | CopycatKevin the Demonspawn Berserker began the quest for the Orb.
     0 | D:1      | Reached XP level 1. HP: 18/18 MP: 1/1
   162 | D:1      | Gained mutation: You have sharp toenails. [demonic ancestry]
   162 | D:1      | Reached XP level 2. HP: 24/24 MP: 2/2
   283 | D:1      | Reached skill level 3 in Polearms
   448 | D:1      | Reached ** piety under Trog
   616 | D:2      | Reached XP level 3. HP: 22/29 MP: 3/3
  1010 | D:2      | Noticed Robin
  1014 | D:2      | Found an oddly glowing altar of Pakellas.
  1031 | D:2      | Killed Robin
  1031 | D:2      | Gained mutation: You are partially covered in large bone plates (AC +2, SH +2). [demonic ancestry]
  1031 | D:2      | Reached XP level 4. HP: 4/35 MP: 4/4
  1343 | D:2      | Reached skill level 1 in Stealth
  1547 | D:2      | Reached *** piety under Trog
  2150 | D:3      | Found a faded altar to an unknown god.
  2176 | D:3      | Found a burning altar of Makhleb.
  2230 | D:3      | Gained mutation: You are mostly covered in large bone plates (AC +3, SH +3). [demonic ancestry]
  2230 | D:3      | Reached XP level 5. HP: 42/42 MP: 5/5
  2232 | D:3      | Reached skill level 1 in Shields
  2234 | D:3      | Noticed kGEAR's ghost (amateur TeSu)
  2266 | D:3      | Killed kGEAR's ghost
  2293 | D:3      | Noticed Ijyb
  2301 | D:3      | Killed Ijyb
  2547 | D:3      | Gained mutation: Your flesh is heat resistant. [demonic ancestry]
  2547 | D:3      | Reached XP level 6. HP: 48/48 MP: 6/6
  2553 | D:3      | Reached **** piety under Trog
  2556 | D:3      | Found a glowing drain.
  2757 | D:3      | Found a snail-covered altar of Cheibriados.
  2948 | D:4      | Noticed Edmund
  2961 | D:4      | Killed Edmund
  2961 | D:4      | Reached skill level 4 in Polearms
  3107 | D:4      | Noticed Duvessa
  3109 | D:4      | Noticed Dowan
  3116 | D:4      | Killed Duvessa
  3137 | D:4      | Gained mutation: You sometimes gain a little power by taking damage. [demonic ancestry]
  3137 | D:4      | Reached XP level 7. HP: 55/55 MP: 7/7
  3137 | D:4      | Killed Dowan
  3295 | D:4      | Reached skill level 5 in Polearms
  3313 | D:4      | Found Payly's Magic Scroll Shoppe.
  3316 | D:4      | Bought a scroll of identify for 26 gold pieces
  3316 | D:4      | Bought a scroll of identify for 26 gold pieces
  3545 | D:4      | Found a deep blue altar of Sif Muna.
  3832 | D:5      | Entered Level 5 of the Dungeon
  3841 | D:5      | Reached skill level 5 in Fighting
  4091 | D:5      | Found a glowing silver altar of Zin.
  4091 | D:5      | Noticed an angel
  4094 | D:5      | Found a shimmering altar of Xom.
  4133 | D:5      | Found an iron altar of Okawaru.
  4232 | D:5      | Reached skill level 6 in Polearms
  4232 | D:5      | Reached XP level 8. HP: 62/62 MP: 8/8
  4486 | D:5      | Slain by a vampire

Vault maps used:
D:1:      minmay_arrival_stone_box
D:2:      first_bread, grunt_pakellas_basics, uniq_robin
D:3:      cheibriados_altar_1, makhleb_heckhound_becter, ecumenical_altar_1,
          gup_sewer_entry_bubbles, uniq_iyjb
D:4:      marbit_many_paths, serial_shops, shop, uniq_edmund, uniq_duvessa
D:5:      wad_river_or_something, grunt_temple_overflow_order_and_chaos_1,
          kennysheep_little_box, grunt_temple_overflow_open

Skill      XL: |  1  2  3  4  5  6  7 |
---------------+----------------------+-----
Dodging        | 2 3 |  3.7
Polearms       | 3 4 6 |  6.4
Armour         | 2 3 |  3.7
Stealth        | 1 2 |  2.1
Shields        | 1 |  1.6
Fighting       | 4 5 |  5.4

Action                   |  1- 3 |  4- 6 |  7- 9 || total
-------------------------+-------+-------+-------++-------
Melee: Spear             |   104 |   209 |   189 ||   502
Invok: Berserk           |     3 |     3 |     1 ||     7
  Use: Scroll            |     5 |     7 |     2 ||    14
 Stab: Sleeping          |     3 |     1 |       ||     4
       Distracted        |     1 |       |       ||     1
  Eat: Chunk             |     2 |     6 |     1 ||     9
       Bread ration      |       |     1 |     1 ||     2
